 Dungeon Crawl Stone Soup version 0.29.0-13-gc9e81de378 (console) character file.

Game seed: 5627144045343473500

8960 odiv the Fiendish (level 11, -18/87 HPs)
             Began as a Demonspawn Wanderer on Sept 10, 2022.
             Was a Priest of Makhleb.
             Killed by an exploding cyclops (35 damage)
             ... ignited by their inner flame
             ... on level 8 of the Dungeon on Sept 11, 2022.
             The game lasted 00:38:09 (11216 turns).

odiv the Fiendish (Demonspawn Wanderer)            Turns: 11216, Time: 00:38:29

Health: -18/87     AC: 12    Str: 18    XL:     11   Next: 16%
Magic:  18/18      EV: 13    Int: 13    God:    Makhleb [***...]
Gold:   198        SH:  0    Dex: 12    Spells: 10/10 levels left

rFire   . . .      SeeInvis +   a - +4 spear (venom)
rCold   . . .      Faith    .   (no shield)
rNeg    . . .      Spirit   .   J - +2 scale mail {rPois}
rPois   +          Reflect  .   m - +1 hat
rElec   .          Harm     .   D - +0 cloak {Stlth+}
rCorr   .          Rampage  .   (no gloves)
Will    .....                   (no boots)
Stlth   +.........              (no amulet)
HPRegen 0.24/turn               F - +4 ring of evasion
MPRegen 0.16/turn               r - ring of see invisible

@: no status effects
A: claws 1, demonic guardian 1, ignite blood 3
a: Renounce Religion, Minor Destruction, Lesser Servant of Makhleb


You were on level 8 of the Dungeon.
You worshipped Makhleb.
Makhleb was most pleased with you.
You visited 2 branches of the dungeon, and saw 9 of its levels.

You collected 617 gold pieces.
You spent 419 gold pieces at shops.

Inventory:

Hand Weapons
 a - a +4 spear of venom (weapon)
 b - the +2 sling "Seqim" {venom, +Blink Fly rF+ rC+}
   (You bought it in a shop on level 2 of the Dungeon)

   Any ammunition fired from it poisons the flesh of those it strikes.
   rF:        It protects you from fire.
   rC:        It protects you from cold.
   Fly:       It grants you flight.
   +Blink:    It lets you blink.
 f - a +0 triple crossbow of freezing
 h - a +2 antimagic spear
 w - a +0 demon whip of venom
 G - a +1 quarterstaff
 H - a +0 shortbow
 I - a +1 dagger of draining
 M - a +0 trident of flaming
Missiles
 c - 23 boomerangs (quivered)
 i - 85 stones
 j - 18 poisoned darts
Armour
 m - a +1 hat (worn)
 q - a +0 buckler
 D - a +0 cloak of stealth (worn)
 J - a +2 scale mail of poison resistance (worn)
Jewellery
 r - a ring of see invisible (right claw)
 B - a ring of protection from fire
 F - a +4 ring of evasion (left claw)
Wands
 g - a wand of flame (1)
 y - a wand of charming (8)
 L - a wand of digging (5)
Scrolls
 e - 3 scrolls of vulnerability
 s - a scroll of amnesia
 u - 2 scrolls of noise
 v - 6 scrolls of immolation
 A - a scroll of butterflies
 N - a scroll of blinking {unknown}
Potions
 k - a potion of lignification {unknown}
 l - 8 potions of curing {unknown}
 n - 3 potions of haste
 o - a potion of attraction {unknown}
 p - a potion of cancellation {unknown}
 t - 2 potions of heal wounds
 x - a potion of invisibility {unknown}
 z - 3 potions of mutation
 E - 3 potions of degeneration {unknown}
 K - 2 potions of ambrosia {unknown}


   Skills:
 + Level 8.4 Fighting
 - Level 1.7 Staves
 + Level 9.9 Ranged Weapons
 - Level 1.0 Throwing
 + Level 8.1 Armour
 - Level 1.0 Stealth
 - Level 10.6 Invocations


You had 10 spell levels left.
You didn't know any spells.
Your spell library contained the following spells:

 Spells                   Type           Power      Damage    Failure   Level
 Magic Dart               Conj           0%         1d3       63%         1
 Searing Ray              Conj           0%         2d4       77%         2
 Static Discharge         Conj/Air       0%         3-3/arc   77%         2
 Sublimation of Blood     Necr           0%         N/A       77%         2
 Fulminant Prism          Conj/Hex       0%         3d6       100%        4
 Petrify                  Tmut/Erth      0%         N/A       100%        4
 Irradiate                Conj/Tmut      0%         3d11      100%        5
 Lightning Bolt           Conj/Air       0%         1d11      100%        5
 Maxwell's Capacitive Co  Air            0%         ∞         100%        8


Dungeon Overview and Level Annotations

Branches:
Dungeon (8/15)             Temple (1/1) D:4
   Lair: D:8-11

Altars:
Ashenzari
Cheibriados
Makhleb
Nemelex Xobeh
Okawaru
Qazlal
Sif Muna
Uskayaw
Wu Jian
Xom

Shops:
D:2 (((   D:6 [


Innate Abilities, Weirdness & Mutations

You have sharp fingernails.
A weak demonic guardian rushes to your aid.
Your demonic aura causes all spilled blood to erupt in flames.


Message History

It was a scroll of immolation.
The acid dragon is engulfed in blazing flames.
Flame seeps out of the acid dragon.
The acid dragon spits acid at you. The splash of acid hits you!
You hear a shout!
As you read the scroll labelled TUIQEJ JAUV, it crumbles to dust.
You hear the tinkle of a tiny bell.
It was a scroll of butterflies.
The acid dragon bites you.
The acid dragon claws you but does no damage.
Your orange demon barely misses the acid dragon.
As you read the scroll labelled COS OCSEELOIPT, it crumbles to dust.
You hear a loud clanging noise!
It was a scroll of noise.
You carefully extract the barbed spikes from your body.
You hear a shout! x4
The acid dragon bites you but does no damage.
The acid dragon barely misses you.
Your orange demon closely misses the acid dragon.
Unknown command.
As you read the scroll labelled WASEXI FUEH, it crumbles to dust.
It is a scroll of amnesia.
You feel forgetful for a moment. The acid dragon barely misses you.
The acid dragon claws you.
Your orange demon stings the acid dragon from afar!
Flame seeps out of the acid dragon.
As you read the scroll labelled JET NIEKKO, it crumbles to dust.
You feel aware of your surroundings.
It was a scroll of magic mapping.
An orc comes into view. It is wielding a +4 vorpal morningstar.
The acid dragon is engulfed in blazing flames.
Makhleb accepts your kill.
The acid dragon explodes!
The fiery explosion engulfs you!
* * * LOW HITPOINT WARNING * * *
A demonic guardian appears!
The fiery explosion engulfs the cyclops!!!
Makhleb accepts your kill.
The cyclops explodes!
The fiery explosion engulfs you!!
You die...

# # # ######## #
####......# ####
#......b.5##### ...#
#......b.§4@○§#
######.......#####§###
....##.......# #..b#
>##.##.......##**###o#*****
.##.######....#,,,*,..#,,,*
###......#....#,,,',C.'.,,*
.........#....#,,,*,..#..,*
.......###....#*'***####'#*
.........#....#,,,*,.}*,,,*


You could see an orc, a friendly orange demon (summoned, inner flame) and a
friendly shadow imp (summoned).

Vanquished Creatures
  Amaemon (D:8)
  2 cyclopes
  Joseph (D:8)
  An orange demon (D:8)
  Sigmund (D:5)
  Eustachio (D:4)
  5 yaks (D:8)
  An acid dragon (D:8)
  Duvessa (D:5)
  An ice beast (D:6)
  2 black bears
  A sky beast (D:6)
  5 ogres (D:7)
  A centaur (D:8)
  A lemure (D:5)
  A kobold brigand (D:7)
  2 phantoms (D:5)
  6 bullfrogs
  3 gnoll sergeants (D:7)
  3 scorpions
  A wight (D:8)
  9 howler monkeys
  11 hounds
  3 jellies
  Crazy Yiuf (D:5)
  11 orc priests
  A gnoll bouda (D:7)
  Terence (D:2)
  2 iguanas
  11 orc wizards
  12 gnolls
  8 adders
  5 white imps
  An ufetubus (D:3)
  4 worms
  25 orcs
  7 endoplasms
  5 giant cockroaches
  4 hobgoblins
  6 jackals
  11 kobolds
  2 quokkas
  15 ball pythons
  3 bats
  5 frilled lizards
  9 goblins
  5 rats
  A spectral kobold (D:1)
219 creatures vanquished.

Vanquished Creatures (collateral kills)
  Pikel (D:5)
  A manticore (D:8)
  A cyclops (D:7)
  Grinder (D:5)
  Menkaure (D:5)
  A black bear (D:5)
  2 orc warriors
  An ice beast (D:5)
  2 ogres (D:7)
  A centaur (D:5)
  2 gnoll sergeants (D:7)
  A bullfrog (D:5)
  2 scorpions
  2 wights (D:8)
  Dowan (D:5)
  An orc priest (D:7)
  A gnoll (D:7)
  A dart slug (D:5)
  10 orcs
  2 quokkas (D:5)
35 creatures vanquished.

Vanquished Creatures (others)
  An orc warrior (D:7)
  An orc wizard (D:7)
  3 plants (D:7)
5 creatures vanquished.

Grand Total: 259 creatures vanquished

Notes
Turn   | Place    | Note
-------+----------+-------------------------------------------
     0 | D:1      | odiv the Demonspawn Wanderer began the quest for the Orb.
     0 | D:1      | odiv set off with the following items: a +0 quarterstaff, a
                  | +2 scale mail, 10 boomerangs, a +0 dagger, a scroll of
                  | vulnerability.
     0 | D:1      | Reached XP level 1. HP: 13/13 MP: 1/1
   104 | D:1      | Reached skill level 1 in Fighting
   162 | D:1      | Found a faded altar of an unknown god.
   171 | D:1      | Prayed at the altar of an unknown god.
   171 | D:1      | Became a worshipper of Makhleb the Destroyer
   171 | D:1      | Reached * piety under Makhleb
   225 | D:1      | Gained mutation: Your demonic aura sometimes causes spilled
                  | blood to erupt in flames. [demonic ancestry]
   225 | D:1      | Reached XP level 2. HP: 22/22 MP: 2/2
   857 | D:1      | Reached skill level 2 in Invocations
  1001 | D:2      | Gained mutation: Your demonic aura often causes spilled
                  | blood to erupt in flames. [demonic ancestry]
  1001 | D:2      | Reached XP level 3. HP: 27/27 MP: 4/4
  1094 | D:2      | Found Sugat's Antique Weapon Emporium.
  1204 | D:2      | Reached ** piety under Makhleb
  1338 | D:2      | Found Riutwase's Weapon Shoppe.
  1340 | D:2      | Noticed Terence
  1585 | D:2      | Found Baepah's Weapon Shop.
  2107 | D:3      | Reached skill level 1 in Ranged Weapons
  2107 | D:3      | Reached XP level 4. HP: 31/34 MP: 6/6
  2360 | D:2      | Killed Terence
  2361 | D:2      | Reached skill level 3 in Invocations
  2716 | D:3      | Found a burning altar of Makhleb.
  2727 | D:3      | Gained mutation: You have sharp fingernails. [demonic
                  | ancestry]
  2727 | D:3      | Reached XP level 5. HP: 31/41 MP: 7/7
  3036 | D:3      | Reached skill level 4 in Invocations
  3346 | D:3      | Found a sparkling altar of Nemelex Xobeh.
  3357 | D:3      | Found a broken altar of Ashenzari.
  3460 | D:3      | Reached XP level 6. HP: 40/48 MP: 9/9
  3643 | D:4      | Reached *** piety under Makhleb
  3944 | D:4      | Noticed Eustachio
  3964 | D:4      | Reached skill level 5 in Invocations
  4014 | D:5      | Entered Level 5 of the Dungeon
  4057 | D:5      | Noticed an ice beast
  4062 | D:5      | Killed an ice beast
  4142 | D:5      | Gained mutation: A weak demonic guardian rushes to your
                  | aid. [demonic ancestry]
  4142 | D:5      | Reached XP level 7. HP: 44/54 MP: 11/11
  4218 | D:5      | Reached skill level 6 in Invocations
  4297 | D:5      | Noticed Sigmund
  4302 | D:5      | Noticed Pikel
  4304 | D:5      | Killed Sigmund
  4310 | D:5      | Reached skill level 7 in Invocations
  4316 | D:5      | Killed Pikel
  4317 | D:5      | Reached skill level 5 in Ranged Weapons
  4317 | D:5      | Reached skill level 8 in Invocations
  4317 | D:5      | Gained mutation: Your demonic aura causes all spilled blood
                  | to erupt in flames. [demonic ancestry]
  4317 | D:5      | Reached XP level 8. HP: 56/60 MP: 12/14
  4341 | D:5      | Noticed Menkaure
  4345 | D:5      | Killed Menkaure
  4414 | D:5      | Found a runed translucent door.
  4415 | D:5      | Noticed Crazy Yiuf
  4523 | D:5      | Reached skill level 9 in Invocations
  4563 | D:5      | Noticed Grinder
  4579 | D:5      | Killed Grinder
  4580 | D:5      | Reached skill level 10 in Invocations
  4715 | D:5      | Found an ornate altar of the Wu Jian Council.
  4724 | D:5      | Found an iron altar of Okawaru.
  4776 | D:5      | Found a shimmering blue altar of Sif Muna.
  4786 | D:5      | Reached XP level 9. HP: 65/65 MP: 16/16
  4932 | D:5      | Noticed Duvessa
  4933 | D:5      | Noticed Dowan
  4949 | D:5      | Killed Duvessa
  4962 | D:5      | Killed Dowan
  5917 | D:6      | Reached skill level 5 in Armour
  6124 | D:6      | Found Vess's Armour Boutique.
  6875 | D:6      | Reached skill level 5 in Fighting
  7487 | D:7      | Noticed a cyclops
  7493 | D:7      | Reached XP level 10. HP: 66/76 MP: 17/17
  7896 | D:7      | Killed a cyclops
  8217 | D:7      | Noticed a cyclops
  8231 | D:7      | Killed a cyclops
  8816 | D:2      | Bought the +2 sling "Seqim" {venom, +Blink Fly rF+ rC+} for
                  | 419 gold pieces
  9004 | D:4      | Killed Eustachio
  9075 | D:4      | Found a staircase to the Ecumenical Temple.
  9084 | Temple   | Entered the Ecumenical Temple
  9163 | D:4      | Reached **** piety under Makhleb
  9599 | D:5      | Killed Crazy Yiuf
 10130 | D:8      | Noticed Amaemon
 10130 | D:8      | Noticed an orange demon
 10281 | D:8      | Killed Amaemon
 10290 | D:8      | Killed an orange demon
 10291 | D:8      | Reached XP level 11. HP: 82/86 MP: 18/18
 10855 | D:8      | Noticed Joseph
 10874 | D:8      | Killed Joseph
 11216 | D:8      | Killed by an exploding cyclops... ignited by their inner
                  | flame

Illustrated notes

Levels and vault maps discovered:
D:1:      ncdulo_watergridlock, layout_loops_ring,
          dreamdust_ecumenical_altar_drowned_temple, minmay_tetromino_s2
D:2:      layout_loops_cross, serial_shops, nicolae_diamond_shop, shop,
          nicolae_shop_bloodbath_and_beyond, uniq_terence
D:3:      layout_basic, mainiacjoe_overflow_surrounded_room,
          amethyst_overflow_temple_binary, minmay_snake_closets
D:4:      layout_gridville, minmay_temple_entry_poolview,
          kennysheep_flooded_box, uniq_eustachio
D:5:      layout_basic, mainiacjoe_overflow_tiny_flanked,
          mainiacjoe_overflow_large_starburst, minmay_starry_boxes, uniq_pikel,
          uniq_sigmund, uniq_duvessa, uniq_menkaure, uniq_grinder,
          uniq_crazy_yiuf_cottage
D:6:      layout_loops_ring, nicolae_tso_carved_into_rock, serial_shops, shop,
          serial_co_window_serial, co_window_corner_a, co_window_paths_a,
          co_window_corner_a, co_window_paths_a, co_window_of_opportunity_a,
          co_window_corner_a, co_window_cross_1, co_window_unsneaky_path_b,
          co_window_corner_b, co_window_broadway_c, co_window_4corner_b,
          co_window_4corner_a, glass_columns_b, glass_columns_b, glass_columns_a
D:7:      lemuel_castle_with_subvaults [lemuel_castle_interior_original],
          layout_basic, lemuel_flamethrower_2
D:8:      cheibrodos_helix_gallery, layout_basic, minmay_evil_grid,
          uniq_amaemon, uniq_joseph
Temple:   hellmonk_temple_of_storms

Skill      XL: |  1  2  3  4  5  6  7  8  9 10 11 |
---------------+----------------------------------+-----
Fighting       | 1 2 3 4 6 8 |  8.4
Invocations    | 2 3 4 5 8 10 | 10.6
Ranged Weapons | 1 2 3 5 6 8 9 |  9.9
Armour         | 6 7 8 |  8.1
Staves         | |  1.7
Throwing       | |  1.0
Stealth        | |  1.0

Action                   |  1- 3 |  4- 6 |  7- 9 | 10-12 || total
-------------------------+-------+-------+-------+-------++-------
Melee: Quarterstaff      |   103 |   101 |    86 |    33 ||   323
       Spear             |       |       |       |    95 ||    95
       Punch             |       |       |       |     1 ||     1
 Fire: Sling             |    43 |    75 |   102 |   115 ||   335
Throw: Stone             |     6 |       |       |       ||     6
       Boomerang         |     4 |     2 |     1 |       ||     7
Invok: Minor Destruction |     2 |     8 |    68 |     9 ||    87
       Lesser Servant of |       |     2 |     9 |    18 ||    29
       Major Destruction |       |       |       |     1 ||     1
  Use: Scroll            |     2 |     2 |     1 |     8 ||    13
       Potion            |       |       |       |     2 ||     2
 Stab: Distracted        |       |       |       |     1 ||     1
Armor: Scale mail        |    55 |    65 |    49 |    58 ||   227
Dodge: Dodged            |    60 |    63 |    67 |    88 ||   278
